 Dungeon Sprint DCSS version 0.29.1-2-gbd0b4ee654 (webtiles) character file.

Game seed: 1773524662142309537

26393 Groucho the Imperceptible (level 12, -2/67 HPs)
             Began as a Spriggan Enchanter on Nov 8, 2022.
             Was the Champion of Kikubaaqudgha.
             Killed by the air
             ... invoked by a blizzard demon
              (16 damage)
             ... in the Dungeon (Sprint VII: "The Pits") on Nov 9, 2022.
             The game lasted 00:36:42 (6911 turns).

Groucho the Imperceptible (Spriggan Enchanter)      Turns: 6911, Time: 00:36:42

Health: -2/67      AC:  8    Str:  8    XL:     12   Next: 97%
Magic:  29/31      EV: 27    Int: 19    God:    Kikubaaqudgha [******]
Gold:   14         SH:  0    Dex: 17    Spells: 26/39 levels left

rFire   . . .      SeeInvis +   a - +8 dagger (pain)
rCold   . . .      Faith    .   (no shield)
rNeg    . . .      Spirit   .   i - +0 steam dragon scales
rPois   .          Reflect  .   (helmet restricted)
rElec   .          Harm     .   (no cloak)
rCorr   .          Rampage  .   (gloves unavailable)
Will    ++...      NoTele   +   (boots unavailable)
Stlth   +++++++++.              (no amulet)
HPRegen 0.21/turn               l - +3 ring of protection
MPRegen 0.22/turn               m - +3 ring of intelligence

@: confusing by touch, very quick
A: very small, no large weapons, unfitting armour, see invisible, speed 3
a: Renounce Religion, Unearth Wretches, Torment


You were in the Dungeon.
You worshipped Kikubaaqudgha.
Kikubaaqudgha was exalted by your worship.
You visited 1 branch You collected 14 gold pieces.

Inventory:

Hand Weapons
 a - a +8 dagger of pain (weapon)
 e - a +1 dagger of venom
Missiles
 j - 9 stones (quivered)
 t - a throwing net
Armour
 b - a +0 robe
 i - +0 steam dragon scales (worn)
Jewellery
 l - a +3 ring of protection (left hand)
 m - a +3 ring of intelligence (right hand)
 o - a ring of ice
Scrolls
 p - 2 scrolls of butterflies
 r - 3 scrolls of blinking
 s - a scroll of identify
Potions
 c - 3 potions of invisibility
 d - 9 potions of curing
 f - a potion of haste
 g - 3 potions of magic
 h - 5 potions of berserk rage
 k - 8 potions of heal wounds
 n - 2 potions of mutation
 q - 4 potions of might


   Skills:
 + Level 9.4 Fighting
 + Level 12.2 Short Blades
 + Level 14.2 Dodging
 * Level 24.9 Stealth
 + Level 14.4 Spellcasting
 * Level 7.1 Conjurations
 - Level 15.0 Hexes
 * Level 12.0 Necromancy
 - Level 6.5 Ice Magic


You had 26 spell levels left.
You knew the following spells:

 Your Spells              Type           Power      Damage    Failure   Level
a - Ensorcelled Hibernat  Hex/Ice        100%       N/A       1%          2
b - Confusing Touch       Hex            63%        N/A       1%          3
c - Dazzling Flash        Conj/Hex       100%       N/A       1%          3
d - Agony                 Necr           56%        N/A       1%          5

Your spell library contained the following spells:

 Spells                   Type           Power      Damage    Failure   Level
 Necrotise                Necr           100%       1d9       1%          1
 Shock                    Conj/Air       100%       1d9       1%          1
 Sublimation of Blood     Necr           56%        N/A       1%          2
 Tukima's Dance           Hex            63%        N/A       1%          3
 Anguish                  Hex/Necr       30%        N/A       1%          4
 Animate Dead             Necr           56%        N/A       1%          4
 Fulminant Prism          Conj/Hex       27%        3d14      1%          4
 Leda's Liquefaction      Hex/Erth       21%        N/A       2%          4
 Stone Arrow              Conj/Erth      54%        3d10      3%          3
 Death Channel            Necr           28%        N/A       4%          6
 Corpse Rot               Necr/Pois/Air  28%        N/A       9%          4
 Borgnjor's Vile Clutch   Necr/Erth      18%        N/A       11%         5
 Simulacrum               Ice/Necr       24%        N/A       16%         6
 Animate Armour           Summ/Erth      26%        N/A       43%         4
 Blade Hands              Tmut           6%         N/A       78%         5
 Iron Shot                Conj/Erth      13%        9d3       86%         6
 Starburst                Conj/Fire      13%        6d6       86%         6
 Lehudib's Crystal Spear  Conj/Erth      13%        10d5      100%        8


Dungeon Overview and Level Annotations

Branches:
Dungeon (1/1)

Altars:
Ashenzari
Cheibriados
Dithmenos
Elyvilon
Fedhas
Gozag
Hepliaklqana
Kikubaaqudgha
Makhleb
Nemelex Xobeh
Okawaru
Qazlal
Ru
Sif Muna
Trog
Uskayaw
Vehumet
Wu Jian
Xom
Yredelemnul
Zin
The Shining One
Jiyva
Lugonu


Innate Abilities, Weirdness & Mutations

You are very small and have problems with some larger weapons.
You are too small for most types of armour.
You have supernaturally acute eyesight. (SInv)
You cover ground extremely quickly. (Speed+++)


Message History

You start resting.
Magic restored.
You start waiting.
Your hands stop glowing.
Casting: Confusing Touch (safe; 1% risk of failure)
Confirm with . or Enter, or press ? or * to list all spells.
Your hands begin to glow red.
You start resting.
Magic restored.
Things that are here:
a +0 glaive; a +0 war axe
Things that are here:
a +0 war axe; a +0 robe; a +0 kite shield Your hands stop glowing.
The blizzard demon shouts!
Casting: Confusing Touch (safe; 1% risk of failure)
Confirm with . or Enter, or press ? or * to list all spells.
Your hands begin to glow red.
The blizzard demon waves its arms in wide circles.
The air twists around and strikes you!
The blizzard demon completely misses you.
The blizzard demon barely misses you.
You hit the blizzard demon but do no damage.
The blizzard demon gestures at you. The bolt of lightning misses you.
You hit the blizzard demon but do no damage.
You hit the blizzard demon but do no damage.
The blizzard demon gestures at you. The bolt of lightning hits you!!
You hit the blizzard demon but do no damage.
You barely miss the blizzard demon.
The blizzard demon hits you but does no damage.
The blizzard demon hits you!
* * * LOW HITPOINT WARNING * * *
You hit the blizzard demon but do no damage.
You hit the blizzard demon but do no damage.
The blizzard demon waves its arms in wide circles.
The air twists around and strikes you!
You die...
Kikubaaqudgha rasps: "You have failed me!
Welcome... death!"

..........# ..........#
..#....#..# ..........+
..........+ ##++####''#
#''#######################
#..............).°........
#..).....@2....)..o....)..
#.)##############''#######
#..# #.....2..# #..#
.#.#....#.#.# #.)#
#............# #..#
#.#.#....#.#.# #..#
#............# #))#
#.#N#o...#.#m# ########).#
..o.c.om.......


You could see a blizzard demon.

Vanquished Creatures
  An orc warlord (D)
  Aizul (D)
  A merfolk impaler (D)
  A yaktaur captain (D)
  A great orb of eyes (D)
  A boulder beetle (D)
  2 vault guards (D)
  A death knight (D)
  A two-headed ogre (shapeshifter) (D)
  2 naga warriors (D)
  Urug (D)
  A naga sharpshooter (D)
  A deep elf knight (D)
  3 skeletal warriors (D)
  A deep troll (D)
  A flayed ghost (D)
  A swamp dragon (D)
  Pikel (D)
  A necromancer (D)
  10 orc knights (D)
  Maurice (D)
  3 smoke demons (D)
  A cane toad (D)
  A rime drake (D)
  Psyche (D)
  5 yaktaurs (D)
  A freezing wraith (D)
  A troll (D)
  4 merfolk (D)
  A polar bear (D)
  A hornet (D)
  3 blink frogs (D)
  2 spriggans (D)
  A shadow (D)
  4 redbacks (D)
  2 steam dragons (D)
  A warg (D)
  4 vampire mosquitoes (D)
  3 nagas (D)
  An acid dragon (shapeshifter) (D)
  An acid dragon (D)
  A water moccasin (D)
  2 orc warriors (D)
  2 swamp drakes (D)
  A centaur (D)
  A lemure (D)
  A phantom (D)
  A necrophage (D)
  A scorpion (D)
  An orc priest (D)
  A hound (D)
  An iron imp (D)
  A gnoll bouda (D)
  2 hell rats (D)
  2 mummies (D)
  7 gnolls (D)
  A white imp (D)
  An adder zombie (D)
  An adder skeleton (D)
  4 orcs (D)
  A ball python (D)
  A bat (D)
  A goblin (D)
  A hobgoblin (D)
  5 jackals (D)
  A quokka (D)
  A ball python simulacrum (D)
  A ball python zombie (D)
  A frilled lizard (D)
  A giant cockroach zombie (D)
  A quokka zombie (D)
  3 rats (D)
125 creatures vanquished.

Vanquished Creatures (others)
  A deep elf knight (D)
1 creature vanquished.

Grand Total: 126 creatures vanquished

Notes
Turn   | Place    | Note
-------+----------+-------------------------------------------
     0 | D        | Groucho the Spriggan Enchanter began the quest for the Orb.
     0 | D        | Reached XP level 1. HP: 9/9 MP: 5/5
    15 | D        | Reached skill level 5 in Stealth
    37 | D        | Found a bloodstained altar of Trog.
    37 | D        | Found a shimmering blue altar of Sif Muna.
    37 | D        | Found a viscous altar of Jiyva.
    37 | D        | Found a hazy altar of Hepliaklqana.
    37 | D        | Found an opulent altar of Gozag.
    38 | D        | Found a glowing golden altar of the Shining One.
    38 | D        | Found a glowing silver altar of Zin.
    38 | D        | Found a basalt altar of Yredelemnul.
    38 | D        | Found a shimmering altar of Xom.
    38 | D        | Found an ornate altar of the Wu Jian Council.
    38 | D        | Found a sacrificial altar of Ru.
    38 | D        | Found a stormy altar of Qazlal.
    38 | D        | Found an iron altar of Okawaru.
    38 | D        | Found a sparkling altar of Nemelex Xobeh.
    38 | D        | Found a burning altar of Makhleb.
    38 | D        | Found a blossoming altar of Fedhas.
    38 | D        | Found a white marble altar of Elyvilon.
    38 | D        | Found a shadowy altar of Dithmenos.
    38 | D        | Found a snail-covered altar of Cheibriados.
    40 | D        | Found a radiant altar of Vehumet.
    40 | D        | Found a corrupted altar of Lugonu.
    41 | D        | Found a hide-covered altar of Uskayaw.
    41 | D        | Found an ancient bone altar of Kikubaaqudgha.
    41 | D        | Found a broken altar of Ashenzari.
    56 | D        | Became a worshipper of Kikubaaqudgha
    79 | D        | Reached skill level 6 in Stealth
    83 | D        | Reached * piety under Kikubaaqudgha
    83 | D        | Received a gift from Kikubaaqudgha
    92 | D        | Reached skill level 7 in Stealth
    92 | D        | Reached XP level 2. HP: 13/13 MP: 6/8
    94 | D        | Reached ** piety under Kikubaaqudgha
   337 | D        | Learned a level 2 spell: Ensorcelled Hibernation
   341 | D        | Noticed a phantom
   354 | D        | Reached skill level 5 in Hexes
   402 | D        | Killed a phantom
   403 | D        | Reached skill level 10 in Stealth
   403 | D        | Reached skill level 5 in Spellcasting
   403 | D        | Reached XP level 3. HP: 14/16 MP: 9/11
   403 | D        | Reached XP level 4. HP: 18/21 MP: 9/12
   406 | D        | Reached *** piety under Kikubaaqudgha
   406 | D        | Received a gift from Kikubaaqudgha
   685 | D        | Noticed a necrophage
   686 | D        | Reached skill level 11 in Stealth
   714 | D        | Learned a level 3 spell: Confusing Touch
   722 | D        | Killed a necrophage
   722 | D        | Reached **** piety under Kikubaaqudgha
   723 | D        | Reached skill level 1 in Fighting
   723 | D        | Reached skill level 12 in Stealth
   723 | D        | Reached XP level 5. HP: 13/25 MP: 12/15
   792 | D        | Noticed a freezing wraith
   794 | D        | Killed a freezing wraith
   794 | D        | Reached ***** piety under Kikubaaqudgha
   795 | D        | Reached skill level 13 in Stealth
   795 | D        | Reached XP level 6. HP: 23/32 MP: 15/17
  1190 | D        | Learned a level 3 spell: Dazzling Flash
  1190 | D        | Noticed Pikel
  1198 | D        | Killed Pikel
  1199 | D        | Reached skill level 5 in Short Blades
  1199 | D        | Reached skill level 5 in Dodging
  1199 | D        | Reached skill level 15 in Stealth
  1199 | D        | Reached skill level 10 in Hexes
  1199 | D        | Reached XP level 7. HP: 37/37 MP: 11/19
  1279 | D        | Noticed Urug
  1279 | D        | Noticed a boulder beetle
  1298 | D        | Killed Urug
  1299 | D        | Reached skill level 16 in Stealth
  1299 | D        | Reached XP level 8. HP: 18/42 MP: 7/22
  1320 | D        | Killed a boulder beetle
  1321 | D        | Reached XP level 9. HP: 35/46 MP: 14/23
  1331 | D        | Reached ****** piety under Kikubaaqudgha
  1427 | D        | Noticed Maurice
  1427 | D        | Noticed a rime drake
  1430 | D        | Killed Maurice
  1431 | D        | Reached skill level 5 in Fighting
  1431 | D        | Reached skill level 17 in Stealth
  1431 | D        | Reached skill level 5 in Necromancy
  1437 | D        | Killed a rime drake
  1438 | D        | Reached skill level 10 in Spellcasting
  1580 | D        | Reached skill level 5 in Ice Magic
  1593 | D        | Reached skill level 18 in Stealth
  1687 | D        | Noticed a polar bear
  1698 | D        | Noticed a cane toad
  1700 | D        | Killed a cane toad
  1703 | D        | Reached XP level 10. HP: 53/53 MP: 25/25
  1756 | D        | Learned a level 5 spell: Agony
  1823 | D        | Noticed a smoke demon
  1823 | D        | Noticed a swamp dragon
  1826 | D        | Killed a smoke demon
  1827 | D        | Reached skill level 19 in Stealth
  1827 | D        | Killed a swamp dragon
  1831 | D        | Noticed a deep troll
  1832 | D        | Killed a deep troll
  1833 | D        | Reached skill level 10 in Dodging
  1845 | D        | Noticed a flayed ghost
  1848 | D        | Killed a flayed ghost
  2024 | D        | Noticed a great orb of eyes
  2024 | D        | Noticed a smoke demon
  2035 | D        | Killed a smoke demon
  2036 | D        | Reached skill level 20 in Stealth
  2039 | D        | Killed a great orb of eyes
  2040 | D        | Reached skill level 15 in Hexes
  2040 | D        | Reached XP level 11. HP: 36/58 MP: 15/27
  2355 | D        | Noticed a skeletal warrior
  2356 | D        | Noticed a skeletal warrior
  2356 | D        | Noticed a skeletal warrior
  2422 | D        | Killed a skeletal warrior
  2447 | D        | Killed a skeletal warrior
  2678 | D        | Killed a skeletal warrior
  2679 | D        | Reached skill level 21 in Stealth
  3155 | D        | Reached skill level 10 in Short Blades
  3204 | D        | Identified a +8 dagger of pain (a +6 dagger bloodied by
                  | Kikubaaqudgha)
  3204 | D        | Received a gift from Kikubaaqudgha
  3684 | D        | Got the Octavo of Cursed Attacks
  3795 | D        | Noticed Aizul
  3799 | D        | Reached skill level 1 in Conjurations
  3801 | D        | Killed Aizul
  3808 | D        | Noticed a naga warrior
  3809 | D        | Noticed a naga sharpshooter
  3904 | D        | Killed a naga warrior
  3905 | D        | Reached skill level 22 in Stealth
  3911 | D        | Killed a naga sharpshooter
  4395 | D        | Noticed a necromancer
  4411 | D        | Killed a necromancer
  4886 | D        | Noticed a death knight
  4886 | D        | Noticed Psyche
  4914 | D        | Killed a death knight
  4917 | D        | Killed Psyche
  4927 | D        | Noticed an orc knight
  4927 | D        | Noticed an orc knight
  4927 | D        | Noticed an orc knight
  4927 | D        | Noticed an orc knight
  4928 | D        | Noticed an orc knight
  4928 | D        | Noticed an orc warlord
  4928 | D        | Noticed an orc warlord
  4928 | D        | Noticed an orc knight
  4929 | D        | Noticed a naga warrior
  4929 | D        | Noticed a flayed ghost
  4929 | D        | Noticed an orc knight
  4929 | D        | Noticed an orc knight
  4929 | D        | Noticed an orc knight
  4929 | D        | Noticed an orc knight
  4929 | D        | Noticed an orc knight
  4929 | D        | Noticed a vault guard
  4931 | D        | Noticed a vault guard
  4931 | D        | Noticed a merfolk impaler
  4936 | D        | Reached XP level 12. HP: 37/65 MP: 22/30
  4993 | D        | Reached skill level 10 in Necromancy
  5048 | D        | Reached skill level 23 in Stealth
  5377 | D        | Killed an orc warlord
  5378 | D        | Reached skill level 5 in Conjurations
  5502 | D        | Noticed a two-headed ogre
  5502 | D        | a glowing orange brain changed into a two-headed ogre
  5506 | D        | Killed a two-headed ogre
  5521 | D        | Killed a naga warrior
  5630 | D        | Noticed a blizzard demon
  5635 | D        | Killed a vault guard
  5733 | D        | Reached skill level 24 in Stealth
  5754 | D        | Killed a merfolk impaler
  6108 | D        | Noticed a yaktaur captain
  6117 | D        | Killed a yaktaur captain
  6445 | D        | Killed a vault guard
  6911 | D        | Killed from afar by a blizzard demon

Illustrated notes

Levels and vault maps discovered:
D:        pitsprint [storerooms_1, entrance_room_1, metal_vault_5, armoury_3,
          mini_pit_1, grid_room_1, main_hall_1, silver_pit, the_coven_2,
          the_vestibule_1, steel_vault_2, golden_pit, hallway_of_sentries,
          crystal_vault_4, iron_vault_2, final_vault]

Skill      XL: |  1  2  3  4  5  6  7  8  9 10 11 12 |
---------------+-------------------------------------+-----
Stealth        | 7 10 12 13 15 16 18 20 22 24 | 24.9
Spellcasting   | 4 5 6 7 8 9 10 11 13 14 | 14.4
Hexes          | 4 6 7 8 10 11 13 15 | 15.0
Fighting       | 1 2 3 4 5 7 8 9 |  9.4
Short Blades   | 2 4 5 6 7 9 10 12 | 12.2
Dodging        | 4 5 7 9 10 12 14 | 14.2
Necromancy     | 2 3 4 5 7 9 12 | 12.0
Ice Magic      | 2 3 4 5 6 |  6.5
Conjurations   | 4 7 |  7.1

Action                   |  1- 3 |  4- 6 |  7- 9 | 10-12 || total
-------------------------+-------+-------+-------+-------++-------
Melee: Dagger            |    27 |    40 |    48 |   193 ||   308
       Punch             |       |       |       |     1 ||     1
Throw: Stone             |       |       |       |    12 ||    12
 Cast: Ensorcelled Hiber |     1 |       |    17 |   117 ||   135
       Confusing Touch   |       |     4 |     5 |    14 ||    23
       Dazzling Flash    |       |       |     2 |     2 ||     4
Invok: Brand Weapon With |       |       |       |     1 ||     1
  Use: Potion            |     3 |       |     3 |     5 ||    11
       Scroll            |       |       |     1 |     4 ||     5
 Stab: Sleeping          |     5 |     2 |    13 |    65 ||    85
       Invisible         |     1 |     1 |     1 |     4 ||     7
       Confused          |       |     5 |     5 |    13 ||    23
       Distracted        |       |     1 |       |       ||     1
Armor: Robe              |     1 |     2 |     1 |       ||     4
       Steam dragon scal |       |       |       |    10 ||    10
Dodge: Dodged            |    12 |    18 |    56 |   114 ||   200
